 Dungeon Crawl Stone Soup version 0.21-a0-84-g85d6d27 (webtiles) character file.

863 nikopol the Chopper (level 7, -1/62 HPs)
             Began as a Minotaur Berserker on June 24, 2017.
             Was a Priest of Trog.
             Slain by an iguana (10 damage)
             ... on level 3 of the Dungeon.
             The game lasted 00:04:46 (2709 turns).

nikopol the Chopper (Minotaur Berserker)            Turns: 2709, Time: 00:04:47

Health: -1/62      AC:  7    Str: 21    XL:     7   Next: 72%
Magic:  6/6        EV: 12    Int:  4    God:    Trog [***...]
Gold:   177        SH:  0    Dex: 12    Spells: 6/6 levels left

rFire    . . .     SeeInvis .   a - +0 hand axe
rCold    . . .     Gourm    .   (no shield)
rNeg     . . .     Faith    .   d - +0 ring mail
rPois    .         Spirit   .   (helmet restricted)
rElec    .         Reflect  .   (no cloak)
rCorr    .         Harm     .   (no gloves)
MR       .....                  v - +0 pair of boots
Stlth    +.........             (no amulet)
HPRegen  0.20/turn              (no ring)
MPRegen  0.10/turn              (no ring)

@: berserk cooldown, slowed, very slow
A: retaliatory headbutt, horns 2
a: Berserk, Trog's Hand, Burn Spellbooks, Renounce Religion


You were on level 3 of the Dungeon.
You worshipped Trog.
Trog was most pleased with you.
You were hungry.

You visited 1 branch of the dungeon, and saw 4 of its levels.

You collected 177 gold pieces.

Inventory:

Hand Weapons
 a - a +0 hand axe (weapon)
Armour
 b - a +0 animal skin
 d - a +0 ring mail (worn)
 v - a +0 pair of boots (worn)
Jewellery
 o - an uncursed ring of positive energy {unknown}
 p - an uncursed ring of protection from cold {unknown}
 s - a cursed -3 ring of slaying {unknown}
 t - an uncursed amulet of rage {unknown}
Scrolls
 e - a scroll of enchant weapon {unknown}
 g - a scroll of enchant armour {unknown}
 i - 2 scrolls of immolation {unknown}
 k - 4 scrolls of magic mapping {unknown}
 l - a scroll of fog {unknown}
 n - 2 scrolls of recharging {unknown}
 r - 2 scrolls of remove curse {unknown}
 w - a scroll of blinking {unknown}
Potions
 f - a potion of haste
 h - 3 potions of curing {unknown}
 m - a potion of brilliance {unknown}
 q - a potion of heal wounds {unknown}
Comestibles
 c - 4 bread rations
 j - a meat ration
 u - 2 chunks of flesh


   Skills:
 + Level 5.8 Fighting
 + Level 7.1 Axes
 + Level 6.4 Armour
 + Level 3.9 Dodging
 + Level 1.0 Stealth


You had 6 spell levels left.
You didn't know any spells.

Dungeon Overview and Level Annotations

Branches:
Dungeon (4/15)
 Temple: D:4-7

Altars:
Gozag

Annotations:
D:4 Blork the orc


Innate Abilities, Weirdness & Mutations

You reflexively headbutt those who attack you in melee.
You have a pair of horns on your head.


Message History

The puff of flame hits you!
* * * LOW HITPOINT WARNING * * *
There is a stone staircase leading up here.
Blork the orc misses you. The iguana closely misses you.
You furiously retaliate!
You headbutt the iguana, but do no damage.
Blork the orc hits you but does no damage.
The iguana closely misses you.
You climb upwards.
There is a stone staircase leading down here.
You barely miss the iguana.
You headbutt the iguana, but do no damage.
The iguana bites you but does no damage.
You hit the iguana. You headbutt the iguana!
The iguana is heavily wounded.
The iguana closely misses you.
You hit the iguana.
The iguana is severely wounded.
The iguana bites you!
You die...

.#...'.....# #......### #.#.
.#.###.....# #.#.#### #.#.
.#.# #...).# #.#.# #.#. .#.#
#.....# #.#.# #.#. .#.#
#.....#####.#.# #.#. .#.#
#........<#.#.###########.#.
.#.#
#.....##.##.#.............#.
##.#
###'####.##l###############.
#.# #.#
#.##@#............†..
#.#####.#
#.##.#.##############
#.....#.# #.##)#.#
#####.#.####.##.#.#
#........##.#.# ###
#...........#.#
..####..##########.#
..'..............#.#
..####.###.......#.#


You could see an iguana.

Vanquished Creatures
  Grinder (D:3)
  Menkaure (D:4)
  Duvessa (D:4)
  Dowan (D:4)
  A water moccasin skeleton (D:4)
  The ghost of Goblin1989 the Sneak, a weakling SpAs (D:3)
  2 hounds
  Terence (D:2)
  Natasha (D:2)
  A worker ant (D:4)
  A hound skeleton (D:4)
  Robin (D:2)
  8 adders
  3 worms
  2 dart slugs (D:1)
  2 leopard geckos
  5 orcs (D:3)
  4 bats
  3 giant cockroaches
  13 goblins
  7 hobgoblins
  3 jackals (D:2)
  6 kobolds
  2 quokkas
  5 ball pythons
  9 frilled lizards
  8 rats
93 creatures vanquished.

Notes
Turn   | Place    | Note
-------+----------+-------------------------------------------
     0 | D:1      | nikopol the Minotaur Berserker began the quest for the Orb.
     0 | D:1      | Reached XP level 1. HP: 19/19 MP: 0/0
    84 | D:1      | Reached XP level 2. HP: 25/27 MP: 1/1
   203 | D:1      | Reached skill level 4 in Axes
   428 | D:2      | Noticed Robin
   493 | D:2      | Reached XP level 3. HP: 31/34 MP: 2/2
   497 | D:2      | Killed Robin
   658 | D:2      | Reached ** piety under Trog
   763 | D:2      | Reached XP level 4. HP: 41/41 MP: 3/3
   828 | D:2      | Noticed Terence
   839 | D:2      | Killed Terence
  1046 | D:2      | Noticed Natasha
  1056 | D:2      | Killed Natasha
  1056 | D:2      | Reached XP level 5. HP: 31/47 MP: 4/4
  1500 | D:3      | Reached skill level 5 in Fighting
  1650 | D:3      | Noticed Grinder
  1650 | D:3      | Paralysed by Grinder for 6 turns
  1657 | D:3      | Reached *** piety under Trog
  1669 | D:3      | Killed Grinder
  1669 | D:3      | Reached skill level 5 in Axes
  1669 | D:3      | Reached skill level 5 in Armour
  1669 | D:3      | Reached XP level 6. HP: 44/56 MP: 5/5
  1959 | D:3      | Noticed Goblin1989's ghost (weakling SpAs)
  1969 | D:3      | Killed Goblin1989's ghost
  2075 | D:3      | Reached skill level 6 in Axes
  2262 | D:3      | Found an opulent altar of Gozag.
  2372 | D:4      | Reached XP level 7. HP: 56/61 MP: 6/6
  2431 | D:4      | Noticed Duvessa
  2432 | D:4      | Noticed Dowan
  2442 | D:4      | Killed Duvessa
  2442 | D:4      | Reached skill level 1 in Stealth
  2444 | D:4      | Killed Dowan
  2675 | D:4      | Noticed Menkaure
  2680 | D:4      | Killed Menkaure
  2680 | D:4      | Reached skill level 7 in Axes
  2691 | D:4      | Noticed Blork the orc
  2709 | D:3      | Slain by an iguana

Vault maps used:
D:1:      eino_arrival_cavern_d, corexii_item_surrounded_by_moat
D:2:      uniq_natasha, uniq_robin, uniq_terence
D:3:      first_bread, grunt_gozag_breadcrumbs, uniq_grinder
D:4:      serial_glass, glass_columns_a, glass_columns_a, sigmund_army,
          uniq_eustachio, uniq_menkaure, uniq_blork_the_orc, uniq_duvessa

Skill      XL: |  1  2  3  4  5  6  7 |
---------------+----------------------+-----
Fighting       | 4 5 |  5.8
Axes           | 4 5 6 7 |  7.1
Armour         | 3 4 5 6 |  6.4
Dodging        | 3 |  3.9
Stealth        | 1 |  1.0

Action                   |  1- 3 |  4- 6 |  7- 9 || total
-------------------------+-------+-------+-------++-------
Melee: Hand axe          |    45 |   133 |    34 ||   212
       Headbutt          |     9 |    20 |    10 ||    39
Invok: Berserk           |       |     2 |     2 ||     4
  Eat: Chunk             |       |     7 |     2 ||     9
Armor: Ring mail         |    12 |    35 |     8 ||    55
Dodge: Dodged            |    27 |    82 |    27 ||   136
